 Dungeon Crawl Stone Soup version 0.31-a0-1074-g0b22e4e0f1 (webtiles) character file.

Game seed: 13406956838414217350

18 MachoJfn the Ducker (level 2, -16/22 HPs)
             Began as a Demonspawn Gladiator on Nov 27, 2023.
             Killed by an exploding endoplasm (38 damage)
             ... ignited by their inner flame
             ... on level 1 of the Dungeon.
             The game lasted 00:01:50 (513 turns).

MachoJfn the Ducker (Demonspawn Gladiator)           Turns: 513, Time: 00:01:50

Health: -16/22     AC:  4    Str: 14    XL:     2   Next: 51%
Magic:  2/2        EV: 12    Int:  9    God:
Gold:   35         SH:  0    Dex: 14    Spells: 1/1 levels left

rFire   . . .        f - +4 whip (distort)
rCold   + . .        (no shield)
rNeg    . . .        b - +0 leather armour
rPois   .            c - +0 helmet
rElec   .            (no cloak)
rCorr   .            (no gloves)
SInv    .            (no boots)
Will    .....        (no amulet)
Stlth   +            l - ring of protection from cold
HPRegen 0.23/turn    (no ring)
MPRegen 0.08/turn

%: no passive effects
@: no status effects
A: hooves 1
a: no special abilities


You were on level 1 of the Dungeon.
You visited 1 branch of the dungeon, and saw 1 of its levels.

You collected 35 gold pieces.

Inventory:

Hand Weapons
 a - a +1 war axe of venom
 f - a +4 whip of distortion (weapon)
Missiles
 d - 3 throwing nets (quivered)
 e - a javelin
 h - 6 stones
Armour
 b - a +0 leather armour (worn)
 c - a +0 helmet (worn)
Jewellery
 l - a ring of protection from cold (left hand)
Scrolls
 i - a scroll of butterflies {unknown}
 k - a scroll of brand weapon


   Skills:
 + Level 2.2 Fighting
 - Level 3.0 Axes
 - Level 1.7 Throwing
 + Level 0.1 Armour
 + Level 3.0 Dodging


You had one spell level left.
You didn't know any spells.
Your spell library contained the following spells:

 Spells                   Type           Power      Damage    Failure   Level
 Gell's Gravitas          Tloc           0%         N/A       83%         3
 Teleport Other           Tloc           0%         N/A       83%         3
 Dispersal                Tloc           0%         N/A       100%        6


Dungeon Overview and Level Annotations

Branches:
Dungeon (1/15)

Altars:


Innate Abilities, Weirdness & Mutations

You have large cloven feet.


Message History

a +0 dagger; a goblin corpse You see here a +4 whip of distortion.
f - a +4 whip of distortion
Found a stone staircase leading down.
Your +1 war axe of venom stops dripping with poison.
Space warps around you for a moment!
f - a +4 whip of distortion (weapon)
Found an escape hatch in the floor.
You now have 35 gold pieces (gained 12).
Found a robe.
An endoplasm comes into view.
Found a stone staircase leading down.
An endoplasm is nearby!
Found a rapier.
The endoplasm quivers.
The endoplasm barely misses you.
Found a scroll of brand weapon.
The endoplasm attacks as it pursues you!
The endoplasm hits you.
The endoplasm attacks as it pursues you!
The endoplasm closely misses you.
You hit the endoplasm but do no damage.
The endoplasm blinks!
You hit the endoplasm.
You kill the endoplasm!
k - a scroll of brand weapon You see here a +0 whip.
An endoplasm comes into view.
As you read the scroll labelled XIPTEN CAFI, it crumbles to dust.
You hear a loud clanging noise!
It was a scroll of noise.
The endoplasm jiggles.
As you read the scroll labelled EJAANK QIECOIF, it crumbles to dust.
The creatures around you are filled with an inner flame!
It was a scroll of immolation.
A rat comes into view.
You hit the endoplasm.
The endoplasm explodes!
The fiery explosion engulfs you!!!
Ouch! That really hurt!
You die...

## .# ############# .#
##.....#.....## .###
##.............# ...###
#...........?... ##...#
#............... ####.#
#............... # #.#
#.^.....§§§..... # #.#
#.......@§§r.... # #.##
#..)....§§§.....
####..####.............#
......##........#.....##
#####....##############
#####.).#######
#.....#.#.....##
#.###..........############
##.#
###...................#


You could see a rat.

Vanquished Creatures
  2 ball pythons (D:1)
  6 endoplasms (D:1)
  4 goblins (D:1)
  A hobgoblin (D:1)
  A bat (D:1)
  2 kobolds (D:1)
16 creatures vanquished.

Notes
Turn   | Place    | Note
-------+----------+-------------------------------------------
     0 | D:1      | MachoJfn the Demonspawn Gladiator began the quest for the
                  | Orb.
     0 | D:1      | Reached XP level 1. HP: 16/16 MP: 1/1
   125 | D:1      | Discovered your monstrous ancestry.
   125 | D:1      | Gained mutation: You have large cloven feet. [demonic
                  | ancestry]
   125 | D:1      | Reached XP level 2. HP: 15/22 MP: 2/2
   513 | D:1      | Killed by an exploding endoplasm... ignited by their inner
                  | flame

Illustrated notes

Levels and vault maps discovered:
D:1:      dpeg_arrival_long_road, layout_rooms

Skill      XL: |  1  2 |
---------------+-------+-----
Dodging        | 3 |  3.0
Axes           | 3 |  3.0
Fighting       | |  2.2
Throwing       | |  1.7
Armour         | |  0.1

Action                     || total
---------------------------++-------
  Melee: War axe           ||    19
         Whip              ||     3
         Kick              ||     2
    Use: Scroll            ||     4
 Armour: Leather armour    ||    13
  Dodge: Dodged            ||    16

Table legend: (Time is in decaauts)
 A = Elapsed time spent in this place.
 B = Non-inter-level travel time spent in this place.
 C = Inter-level travel time spent in this place.
 D = Time resting spent in this place.
 E = Time spent auto-exploring this place.
 F = Levels seen in this place.
 G = Mean time per level.
                   A        B        C        D        E       F      G
               +--------+--------+--------+--------+--------+-----+--------+
         Total |    519 |    501 |     18 |      0 |    393 |   1 |  519.0 |
       Dungeon |    519 |    501 |     18 |      0 |    393 |   1 |  519.0 |
               +--------+--------+--------+--------+--------+-----+--------+

Top non-repeatable levels by time:
     D:1: 519 daAuts
